Map: Triton LE

Players

OldGreg - Winner!

  • Race: Protoss Protoss
  • League: Diamond
  • Spawn Location: 5:00

self

  • Race: Terran Terran
  • League: Master
  • Spawn Location: 11:00

VOD

Have the link to the VOD?

Description

Time

  • Played on: Jan. 25, 2020, 1:24 p.m.
  • Length: 8:36
Show
View Real Time Build Order
Export as new Build Order

OldGreg Protoss - Winner!

Build Orders:  

Get SALT Encoding   

  12  0:01  Probe  
  13  0:13  Probe  
  14  0:20  Pylon  
  14  0:25  Probe  
  15  0:38  Probe (Chrono Boost)  
  16  0:44  Forge  
  17  0:50  Probe (Chrono Boost)  
  17  1:09  Pylon  
  17  1:15  Pylon  
  17  1:16  Pylon  
  17  1:18  Pylon  
  17  1:24  Pylon  
  17  1:28  Photon Cannon  
  17  1:33  Gateway  
  17  1:46  Pylon  
  17  1:50  Photon Cannon  
  16  2:04  Photon Cannon x2  
  16  2:13  Pylon  
  16  2:25  Zealot  
  18  2:30  Pylon  
  18  2:51  Photon Cannon  
  18  2:53  Zealot  
  18  2:56  Photon Cannon  
  20  3:06  Photon Cannon  
  20  3:15  Probe  
  21  3:20  Zealot  
  21  3:28  Probe  
  22  3:40  Probe  
  22  3:42  Assimilator  
  22  3:46  Cybernetics Core  
  22  3:52  Probe  
  23  4:04  Probe (Chrono Boost)  
  24  4:15  Probe (Chrono Boost)  
  25  4:19  Probe (Chrono Boost)  
  17  5:06  Assimilator, Gateway  
  17  5:10  Pylon  
  18  5:14  Probe (Chrono Boost)  
  18  5:25  Probe (Chrono Boost)  
  19  5:30  Probe (Chrono Boost)  
  19  5:32  Warp Gate (Chrono Boost)  
  20  5:40  Probe (Chrono Boost)  
  21  5:46  Gateway  
  21  5:52  Probe (Chrono Boost)  
  22  5:58  Probe (Chrono Boost)  
  22  6:02  Stalker  
  25  6:16  Gateway  
  25  6:20  Probe  
  26  6:39  Nexus  
  26  6:42  Probe  
  27  6:54  Probe  
  28  7:01  Pylon  
  28  7:06  Stalker x2  
  32  7:16  Stalker  
Show
View Real Time Build Order
Export as new Build Order

self Terran 

Build Orders:  

Get SALT Encoding   

  12  0:00  SCV  
  13  0:12  SCV  
  14  0:17  Supply Depot  
  14  0:24  SCV  
  15  0:39  SCV  
  15  0:40  Barracks  
  16  0:44  Refinery  
  16  0:51  SCV  
  17  1:03  SCV  
  18  1:13  Refinery  
  18  1:15  SCV  
  19  1:27  SCV  
  19  1:31  Bunker  
  20  1:35  Marine  
  22  1:43  Orbital Command  
  21  1:56  Marine  
  19  2:09  SCV  
  16  2:28  SCV  
  16  2:38  Marine  
  16  2:42  SCV  
  15  2:54  SCV  
  16  3:05  Marine  
  16  3:06  SCV  
  18  3:23  Orbital Command  
  12  3:38  Marine  
  12  4:00  SCV  
  13  4:09  Marine  
  13  4:21  Orbital Command  
  8  4:39  Orbital Command  
  3  5:11  SCV  
  4  5:16  Marine  
  5  5:24  SCV  
  6  5:33  Marine  
  7  5:43  SCV  
  8  6:00  SCV  
  6  6:12  SCV  
  6  6:15  Barracks Reactor  
  7  6:25  SCV  
  8  6:50  Factory  
  8  6:58  SCV  
  9  7:10  SCV  
Tags
 
Add a new tag
Caveats
  • Supply blocks, unpowered buildings, or Contaminate may cause inaccurate times.
  • Supply counts are checked every 10 seconds.